 Dungeon Crawl Stone Soup version 0.22.1-2-g9c5b331383 (webtiles) character file.

73688 Knorr the Severer (level 15, -25/135 HPs)
             Began as a Minotaur Fighter on Dec 31, 2018.
             Was a High Priest of the Shining One.
             Killed from afar by a frost giant (44 damage)
             ... with a bolt of cold
             ... on level 1 of the Depths.
             The game lasted 02:27:52 (19998 turns).

Knorr the Severer (Minotaur Fighter)               Turns: 19998, Time: 02:27:53

Health: -25/135    AC: 24    Str: 26      XL:     15   Next: 4%
Magic:  13/16      EV: 11    Int:  4 (5)  God:    the Shining One [*****.]
Gold:   835        SH: 21    Dex: 16      Spells: 14/14 levels left

rFire    . . .     SeeInvis +   C - +2 broad axe (flame)
rCold    . . .     Gourm    .   c - +0 shield
rNeg     + + .     Faith    .   o - +0 plate armour
rPois    .         Spirit   .   (helmet restricted)
rElec    .         Reflect  .   t - +0 cloak
rCorr    .         Harm     +   D - +2 pair of gloves
MR       +....     Clarity  +   v - +0 pair of boots
Stlth    ..........             y - amulet of harm
HPRegen  0.32/turn              r - +3 ring of strength
MPRegen  0.15/turn              z - ring of see invisible

@: divine shield, glowing
A: retaliatory headbutt, horns 2, iridescent scales 1, agile 1, clarity,
deterioration 1
a: Divine Shield, Cleansing Flame, Summon Divine Warrior, Renounce Religion


You were on level 1 of the Depths.
You worshipped the Shining One.
The Shining One was extremely pleased with you.
You were not hungry.

You visited 4 branches of the dungeon, and saw 19 of its levels.
You also visited: Ossuary.

You collected 1264 gold pieces.
You spent 429 gold pieces at shops.

Inventory:

Hand Weapons
 a - a +0 war axe
 i - a cursed -3 quarterstaff
 l - a +0 scythe of protection
 C - a +2 broad axe of flaming (weapon)
 P - a +3 halberd of protection
Missiles
 e - 407 stones
 j - 57 bolts
 k - 23 tomahawks (quivered)
Armour
 b - a +3 scale mail
 c - a +0 shield (worn)
 h - a +0 pair of gloves
 o - a +0 plate armour (worn)
 t - a +0 cloak (worn)
 v - a +0 pair of boots (worn)
 D - a +2 pair of gloves (worn)
 M - a +0 troll leather armour
Jewellery
 r - a +3 ring of strength (left hand)
 y - an amulet of harm (around neck)
 z - a ring of see invisible (right hand)
 J - a cursed -2 ring of dexterity {unknown}
 X - a cursed ring of teleportation {unknown}
Wands
 n - a wand of random effects (21)
 s - a wand of paralysis (14)
 u - a wand of flame (5)
 x - a wand of acid (8)
 H - a wand of enslavement (18)
 V - a wand of iceblast (14)
Scrolls
 g - 12 scrolls of remove curse
 q - 10 scrolls of amnesia
 A - 11 scrolls of identify
 E - 2 scrolls of enchant weapon {unknown}
 G - 2 scrolls of acquirement {unknown}
 L - 3 scrolls of fog {unknown}
 O - a scroll of summoning {unknown}
 S - a scroll of fear
 T - a scroll of noise {unknown}
 U - a scroll of teleportation
 W - a scroll of blinking
Potions
 d - a potion of might
 m - 4 potions of flight
 p - 5 potions of agility
 w - 2 potions of magic
 B - a potion of degeneration {unknown}
 F - a potion of berserk rage {unknown}
 I - a potion of haste
 K - 2 potions of ambrosia {unknown}
 N - 3 potions of brilliance
 R - a potion of experience {unknown}
Comestibles
 f - 12 rations


   Skills:
 + Level 13.0 Fighting
 + Level 18.0(19.1) Axes
 + Level 11.8(16.1) Polearms
 + Level 1.0 Throwing
 + Level 12.2 Armour
 + Level 6.6 Dodging
 + Level 1.9 Stealth
 + Level 12.2 Shields
 + Level 3.7 Invocations
 + Level 2.9 Evocations


You had 14 spell levels left.
You didn't know any spells.
Your spell library contained the following spells:

 Spells                   Type           Power        Failure   Level  Hunger
 Magic Dart               Conj           #...         100%        1    ##.....
 Summon Small Mammal      Summ           #...         100%        1    ##.....
 Blink                    Tloc           N/A          100%        2    ###....
 Call Imp                 Summ           #.......     100%        2    ###....
 Corpse Rot               Necr           N/A          100%        2    ###....
 Slow                     Hex            #.......     100%        2    ###....
 Sublimation of Blood     Necr           #.........   100%        2    ###....
 Call Canine Familiar     Summ           #.......     100%        3    ####...
 Conjure Flame            Conj/Fire      #.......     100%        3    ####...
 Mephitic Cloud           Conj/Pois/Air  #.......     100%        3    ####...
 Summon Guardian Golem    Hex/Summ       #.......     100%        3    ####...
 Summon Ice Beast         Ice/Summ       #.......     100%        4    #####..
 Summon Lightning Spire   Summ/Air       #.......     100%        4    #####..
 Agony                    Necr           #.......     100%        5    ######.
 Bolt of Draining         Conj/Necr      #.........   100%        5    ######.
 Dispel Undead            Necr           #.......     100%        5    ######.
 Excruciating Wounds      Chrm/Necr      #.........   100%        5    ######.


Dungeon Overview and Level Annotations

Branches:
Dungeon (15/15)            Temple (1/1) D:5            Lair (0/6) D:10
    Orc (2/2) D:11         Vaults (0/5) D:13         Depths (1/5) D:15
    Elf: Orc:2

Altars:
Ashenzari
Cheibriados
Dithmenos
Elyvilon
Fedhas
Gozag
Hepliaklqana
Kikubaaqudgha
Makhleb
Nemelex Xobeh
Okawaru
Qazlal
Ru
Sif Muna
Trog
Uskayaw
Vehumet
Wu Jian
Xom
Yredelemnul
Zin
The Shining One

Shops:
D:7 =   D:9 *

Portals:
Hell: Depths:1
Abyss: Depths:1
Ziggurat: Depths:1

Annotations:
D:11 Sonja
D:12 3 runed doors, spacerossing's ghost, journeyman DDGl


Innate Abilities, Weirdness & Mutations

You reflexively headbutt those who attack you in melee.
You have a pair of horns on your head.
You are partially covered in iridescent scales. (AC +2)
You are agile. (Dex +2)
You possess an exceptional clarity of mind.
Your body sometimes deteriorates upon taking damage.


Message History

Your shield is strengthened by the Shining One's divine power.
You feel slightly more hungry. You block the frost giant's attack.
You slice the frost giant!! You burn the frost giant.
You headbutt the frost giant, but do no damage.
The frost giant is moderately wounded.
You slash the frost giant! You burn the frost giant.
You headbutt the frost giant!!
The frost giant is heavily wounded.
The frost giant hits you with a battleaxe of freezing.
* * * LOW HITPOINT WARNING * * *
The frost giant freezes you.
* * * LOW HITPOINT WARNING * * *
You slash the frost giant! You burn the frost giant.
The frost giant is almost dead.
You hit the frost giant. You burn the frost giant.
You headbutt the frost giant!
The frost giant is almost dead.
The frost giant casts a spell at you. The bolt of cold hits you!
You die...

#...#.##..#.#..##.#
+# ####..
#..##....##.##....
..# #..
..##..#.##...##.#..
#..# ##. .....
#....[..C.##....
####. ..#.
#..#.....#..##.#
#.... .# ....
#.....##....# #....
##..#.
#..#.#..##.#..#
#.... ...##
...##.##..C.##....
##.... ..## ...#
...##.@..# ....
#..... ........
................
....... ..##...
##...##....##....
..#.... ...# ##.
#....## ... .######
##..# # #..##.# ..
. #.. ...# ... . #
.. .# .... .## #
.... # ### #..


You could see a frost giant.

Vanquished Creatures
  Saint Roka (Depths:1)
  Kirke (D:15)
  Josephine (D:10)
  3 ogre magi (Depths:1)
  7 great orbs of eyes (Depths:1)
  2 hydras
  A death knight (D:14)
  13 two-headed ogres
  2 dancing weapons (D:13)
  A deep troll shaman (Depths:1)
  3 tengu warriors
  An orc high priest (Orc:2)
  A storm dragon zombie (D:15)
  2 deep trolls (Depths:1)
  2 skeletal warriors (D:15)
  2 iron trolls (Depths:1)
  8 unseen horrors
  A flayed ghost (D:15)
  A phantasmal warrior (D:14)
  A necromancer (D:15)
  2 orc knights
  Pikel (D:6)
  9 ugly things
  A frost giant zombie (D:15)
  2 manticores
  3 cyclopes
  A stone giant skeleton (D:15)
  3 gargoyles
  A spiny frog (shapeshifter) (Depths:1)
  An elf zombie (D:15)
  A redback zombie (D:15)
  3 yaktaurs (Depths:1)
  3 freezing wraiths (D:14)
  A kobold demonologist (D:13)
  2 tengu conjurers (Depths:1)
  5 trolls
  A troll (shapeshifter) (D:14)
  Grinder (D:6)
  Prince Ribbit (D:6)
  24 slime creatures
  4 hippogriffs
  Sigmund (D:3)
  A yak (shapeshifter) (D:14)
  4 wraiths
  9 yaks
  A vampire (D:15)
  2 wyverns
  A human (D:7)
  A basilisk (D:14)
  2 shadows (D:15)
  6 hogs
  Grum (D:11)
  A hungry ghost (D:13)
  A steam dragon (D:14)
  3 vampire mosquitoes (D:15)
  Menkaure (D:7)
  2 wargs
  2 acid dragons
  4 porcupines (D:10)
  4 black bears
  6 sky beasts
  2 phantoms
  5 ice beasts
  21 orc warriors
  5 boggarts (Depths:1)
  2 eyes of draining (Depths:1)
  10 centaurs
  18 ogres
  2 wolves (D:11)
  A crocodile (D:10)
  10 big kobolds
  Blork the orc (D:6)
  3 gnoll sergeants (D:11)
  12 bullfrogs
  3 wyvern skeletons
  9 scorpions
  A water moccasin skeleton (D:4)
  9 killer bees
  12 wights
  3 howler monkeys
  5 crimson imps
  A quasit (D:11)
  3 centaur skeletons
  16 orc priests
  4 hounds
  A jelly (D:7)
  Jessica (D:3)
  3 bullfrog skeletons
  Ijyb (D:3)
  4 iguanas
  11 worker ants
  18 orc wizards
  6 big kobold zombies (Ossuary)
  2 hound zombies (D:8)
  4 hound skeletons
  2 mummies (Ossuary)
  Robin (D:3)
  6 gnolls
  2 worker ant zombies
  14 adders
  4 shadow imps
  An ooze (D:1)
  A worm (D:2)
  2 adder skeletons
  7 adder zombies
  A dart slug (D:2)
  7 leopard geckos
  73 orcs
  6 giant cockroaches
  14 goblins
  12 hobgoblins
  15 jackals
  21 kobolds
  3 quokkas
  A ball python (D:1)
  8 bats
  3 frilled lizards (D:2)
  6 hobgoblin zombies (Ossuary)
  A jackal skeleton (D:4)
  7 kobold zombies (Ossuary)
  A leopard gecko skeleton (D:5)
  6 orc zombies (Ossuary)
  5 rats
  2 butterflies (D:2)
  10 fungi (D:10)
  13 plants (D:10)
641 creatures vanquished.

Vanquished Creatures (others)
  A human (D:15)
  A slave (D:6)
  6 fungi (D:10)
  A plant (D:10)
  4 toadstools (D:1)
  A withered plant (D:15)
14 creatures vanquished.

Grand Total: 655 creatures vanquished

Notes
Turn   | Place    | Note
-------+----------+-------------------------------------------
     0 | D:1      | Knorr the Minotaur Fighter began the quest for the Orb.
     0 | D:1      | Reached XP level 1. HP: 19/19 MP: 0/0
    54 | D:1      | Reached XP level 2. HP: 24/27 MP: 1/1
   519 | D:1      | Reached XP level 3. HP: 29/33 MP: 2/2
  1036 | D:2      | Found a shimmering altar of Xom.
  1107 | D:2      | Reached skill level 3 in Axes
  1270 | D:2      | Found a snail-covered altar of Cheibriados.
  1460 | D:3      | Noticed Ijyb
  1467 | D:3      | Reached XP level 4. HP: 33/40 MP: 3/3
  1469 | D:3      | Killed Ijyb
  1469 | D:3      | Reached skill level 4 in Axes
  1477 | D:3      | Noticed Robin
  1483 | D:3      | Killed Robin
  1485 | D:3      | Noticed Jessica
  1497 | D:3      | Killed Jessica
  1497 | D:3      | Reached XP level 5. HP: 15/47 MP: 4/4
  2017 | D:3      | Noticed Sigmund
  2022 | D:3      | Killed Sigmund
  2022 | D:3      | Reached skill level 5 in Axes
  2022 | D:3      | Reached skill level 1 in Dodging
  2022 | D:3      | Reached skill level 5 in Shields
  2022 | D:3      | Reached XP level 6. HP: 53/53 MP: 5/5
  2038 | D:3      | Reached skill level 5 in Armour
  2438 | D:4      | Found a sand-covered staircase.
  2445 | D:4      | Found a shattered altar of Ashenzari.
  2547 | Ossuary  | Entered an ossuary
  2570 | Ossuary  | Reached XP level 7. HP: 58/60 MP: 6/6
  2579 | Ossuary  | Reached skill level 1 in Polearms
  2618 | Ossuary  | Reached skill level 5 in Fighting
  2911 | Ossuary  | Gained mutation: Your body sometimes deteriorates upon
                  | taking damage. [potion of mutation]
  2911 | Ossuary  | Gained mutation: You possess an exceptional clarity of
                  | mind. [potion of mutation]
  2911 | Ossuary  | Gained mutation: You are agile. (Dex +2) [potion of
                  | mutation]
  2911 | Ossuary  | Gained mutation: You are partially covered in iridescent
                  | scales. (AC +2) [potion of mutation]
  3357 | D:4      | Reached skill level 5 in Polearms
  3476 | D:4      | Reached XP level 8. HP: 45/68 MP: 7/7
  3759 | D:4      | Found a stormy altar of Qazlal.
  3832 | D:4      | Found a glowing silver altar of Zin.
  3859 | D:5      | Entered Level 5 of the Dungeon
  3983 | D:5      | Found a staircase to the Ecumenical Temple.
  3987 | Temple   | Entered the Ecumenical Temple
  4221 | Temple   | Became a worshipper of the Shining One
  4377 | D:5      | Found a burning altar of Makhleb.
  4586 | D:5      | Reached skill level 1 in Stealth
  4596 | D:5      | Found a hazy altar of Hepliaklqana.
  5006 | D:6      | Noticed Grinder
  5007 | D:6      | Noticed Blork the orc
  5012 | D:6      | The Shining One protects you from harm!
  5013 | D:6      | HP: 2/69 [orc priest/club (6)]
  5439 | D:6      | Killed Blork the orc
  5448 | D:6      | Killed Grinder
  5555 | D:6      | Noticed Prince Ribbit
  5566 | D:6      | Killed Prince Ribbit
  5566 | D:6      | Reached XP level 9. HP: 65/75 MP: 8/8
  5614 | D:6      | Reached * piety under the Shining One
  5739 | D:6      | Reached skill level 1 in Evocations
  5871 | D:6      | Noticed Pikel
  5877 | D:6      | Killed Pikel
  6466 | D:7      | Found Facsestre's Jewellery Shop.
  6527 | D:7      | Bought a +3 ring of strength for 219 gold pieces
  6528 | D:7      | Bought an uncursed ring of see invisible for 210 gold
                  | pieces
  6578 | D:7      | Reached skill level 10 in Polearms
  6901 | D:7      | Reached XP level 10. HP: 78/86 MP: 10/10
  6928 | D:7      | Noticed Menkaure
  6934 | D:7      | Killed Menkaure
  7162 | D:7      | Found a white marble altar of Elyvilon.
  7182 | D:7      | Reached ** piety under the Shining One
  7653 | D:7      | Found a deep blue altar of Sif Muna.
  8827 | D:9      | Reached skill level 6 in Axes
  9071 | D:9      | Reached skill level 7 in Axes
  9072 | D:9      | Found Ymuj's General Store.
  9153 | D:9      | Noticed a six-headed hydra
  9166 | D:9      | Killed a three-headed hydra
  9166 | D:9      | Reached skill level 8 in Axes
  9312 | D:9      | Found a snail-covered altar of Cheibriados.
  9419 | D:9      | Found a bloodstained altar of Trog.
  9614 | D:10     | Entered Level 10 of the Dungeon
  9632 | D:10     | Reached XP level 11. HP: 93/94 MP: 11/11
  9639 | D:10     | Found a staircase to the Lair.
  9642 | D:10     | Reached *** piety under the Shining One
  9649 | D:10     | Reached skill level 5 in Dodging
  9654 | D:10     | Reached skill level 9 in Axes
  9660 | D:10     | Noticed Josephine
  9674 | D:10     | Killed Josephine
  9674 | D:10     | Reached skill level 1 in Invocations
  9686 | D:10     | Reached skill level 10 in Axes
  9868 | D:10     | Noticed an unseen horror
  9874 | D:10     | Noticed a two-headed ogre
  9880 | D:10     | Killed a two-headed ogre
  9890 | D:10     | Killed an unseen horror
  9978 | D:10     | Noticed an unseen horror
  9990 | D:10     | Killed an unseen horror
  9990 | D:10     | Reached skill level 11 in Axes
 10081 | D:10     | Noticed an unseen horror
 10083 | D:10     | Killed an unseen horror
 10459 | D:11     | Noticed a white ugly thing
 10468 | D:11     | Killed a white ugly thing
 10518 | D:11     | Reached **** piety under the Shining One
 10719 | D:11     | Noticed a two-headed ogre
 10731 | D:11     | Noticed a two-headed ogre
 10732 | D:11     | Noticed Grum
 10738 | D:11     | Killed a two-headed ogre
 10738 | D:11     | Reached skill level 12 in Axes
 10747 | D:11     | Killed Grum
 10781 | D:11     | Killed a two-headed ogre
 10781 | D:11     | Reached XP level 12. HP: 30/105 MP: 12/12
 11227 | D:11     | Noticed an eight-headed hydra
 11236 | D:11     | Killed a four-headed hydra
 11402 | D:11     | Noticed a two-headed ogre
 11406 | D:11     | Killed a two-headed ogre
 11526 | D:11     | Found a staircase to the Orcish Mines.
 11542 | D:11     | Reached skill level 13 in Axes
 11679 | Orc:1    | Entered Level 1 of the Orcish Mines
 12169 | Orc:1    | HP: 4/106 [orc knight/great sword (25)]
 12190 | Orc:2    | Entered Level 2 of the Orcish Mines
 12212 | Orc:2    | The Shining One protects you from harm!
 12555 | Orc:2    | Noticed an orc high priest
 12558 | Orc:2    | Reached skill level 10 in Fighting
 12568 | Orc:2    | Killed an orc high priest
 12703 | Orc:2    | Noticed an orc warlord
 12829 | D:11     | Noticed Sonja
 13065 | D:12     | Found a runed gate.
 13065 | D:12     | Found a runed gate.
 13065 | D:12     | Found a runed gate.
 13065 | D:12     | Noticed a centaur warrior
 13066 | D:12     | Noticed a naga warrior
 13066 | D:12     | Noticed spacerossing's ghost (journeyman DDGl)
 13066 | D:12     | Noticed a merfolk impaler
 13068 | D:12     | Noticed a tengu warrior
 13068 | D:12     | Noticed a centaur warrior
 13381 | D:12     | Reached skill level 14 in Axes
 13963 | D:12     | Found an iron altar of Okawaru.
 14002 | D:13     | Reached skill level 10 in Shields
 14038 | D:13     | Found a shattered altar of Ashenzari.
 14132 | D:13     | Reached skill level 10 in Armour
 14132 | D:13     | Reached XP level 13. HP: 107/114 MP: 14/14
 14496 | D:13     | Found a gate to the Vaults.
 14500 | D:13     | Reached skill level 1 in Throwing
 14862 | D:14     | Reached ***** piety under the Shining One
 14958 | D:15     | Entered Level 15 of the Dungeon
 15551 | D:14     | Reached skill level 15 in Axes
 17112 | D:15     | Found a staircase to the Depths.
 17662 | D:15     | Noticed Kirke
 17678 | D:15     | Killed Kirke
 17748 | D:15     | Reached skill level 16 in Axes
 17762 | D:15     | Reached XP level 14. HP: 125/125 MP: 15/15
 17879 | D:15     | Found a shattered altar of Ashenzari.
 17881 | D:15     | Found a hazy altar of Hepliaklqana.
 17881 | D:15     | Found an ancient bone altar of Kikubaaqudgha.
 17883 | D:15     | Found a shadowy altar of Dithmenos.
 17883 | D:15     | Found a shattered altar of Ashenzari.
 17883 | D:15     | Found a shimmering altar of Xom.
 18572 | Depths:1 | Entered Level 1 of the Depths
 18870 | Depths:1 | Found a one-way gate to the infinite horrors of the Abyss.
 18887 | Depths:1 | Paralysed by an ogre mage for 2 turns
 18893 | Depths:1 | Reached skill level 17 in Axes
 18898 | Depths:1 | Paralysed by a great orb of eyes for 3 turns
 19216 | Depths:1 | Found a gateway to a ziggurat.
 19257 | Depths:1 | Noticed Saint Roka
 19289 | Depths:1 | Killed Saint Roka
 19643 | Depths:1 | Paralysed by a great orb of eyes for 5 turns
 19719 | Depths:1 | Found a gateway to Hell.
 19927 | Depths:1 | Noticed a stone giant
 19962 | Depths:1 | Reached XP level 15. HP: 108/135 MP: 16/16
 19964 | Depths:1 | Reached skill level 18 in Axes
 19982 | Depths:1 | Noticed a frost giant
 19998 | Depths:1 | Killed from afar by a frost giant

Skill      XL: |  1  2  3  4  5  6  7  8  9 10 11 12 13 14 15 |
---------------+----------------------------------------------+-----
Fighting       | 4 5 7 8 9 10 11 13 | 13.0
Armour         | 4 5 7 8 9 10 11 12 | 12.2
Shields        | 4 5 6 8 10 12 | 12.2
Axes           | 3 4 5 8 12 14 16 17 18 | 18.0
Dodging        | 1 2 3 4 5 6 |  6.6
Polearms       | 5 8 11 | 11.8
Stealth        | 1 |  1.9
Evocations     | 1 2 |  2.9
Invocations    | 1 2 3 |  3.7
Throwing       | 1 |  1.0

Action                   |  1- 3 |  4- 6 |  7- 9 | 10-12 | 13-15 || total
-------------------------+-------+-------+-------+-------+-------++-------
Melee: War axe           |    78 |    38 |       |       |       ||   116
       Headbutt          |    12 |    14 |    56 |    95 |   107 ||   284
       Scythe            |       |    38 |   274 |    24 |       ||   336
       Broad axe         |       |       |       |   444 |   403 ||   847
Throw: Stone             |       |    10 |       |       |       ||    10
       Tomahawk          |       |       |       |     3 |       ||     3
Invok: Divine Shield     |       |       |       |     8 |     9 ||    17
       Cleansing Flame   |       |       |       |     1 |     1 ||     2
Evoke: Wand              |     4 |     3 |    14 |    17 |     2 ||    40
  Use: Scroll            |     3 |     7 |     6 |     7 |     1 ||    24
       Potion            |       |     5 |     5 |     7 |     3 ||    20
  Eat: Chunk             |       |     4 |     4 |     1 |     4 ||    13
       Ration            |       |     1 |     3 |     6 |     5 ||    15
Armor: Scale mail        |    57 |    74 |   219 |   142 |       ||   492
       Plate armour      |       |       |       |    91 |   154 ||   245
Dodge: Dodged            |    32 |    71 |   224 |   211 |    85 ||   623
Block: Shield            |    66 |    38 |       |   334 |   221 ||   659
       Other             |       |       |       |     6 |       ||     6
